 Dungeon Crawl Stone Soup version 0.31.0-4-g52a2dc7128 (webtiles) character file.

Game seed: 10829173455747865956

688 case the Magus (level 7, -5/58 HPs)
             Began as a Hill Orc Monk on Jan 22, 2024.
             Was an Elder of Nemelex Xobeh.
             Slain by an ogre
             ... wielding a +0 giant club
              (22 damage)
             ... on level 5 of the Dungeon.
             The game lasted 00:07:16 (3739 turns).

case the Magus (Hill Orc Monk)                      Turns: 3739, Time: 00:07:17

Health: -5/58      AC: 10    Str: 14    XL:     7   Next: 63%
Magic:  12/12      EV:  7    Int: 10    God:    Nemelex Xobeh [****..]
Gold:   111        SH:  0    Dex: 15    Spells: 6/6 levels left

rFire   . . .        a - +0 falchion
rCold   . . .        d - orb {light}
rNeg    . . .        n - +0 chain mail
rPois   .            k - +0 helmet
rElec   .            h - +0 cloak
rCorr   .            (no gloves)
SInv    .            (no boots)
Will    .....        (no amulet) Stlth
                     (no ring)
HPRegen 0.29/turn    (no ring)
MPRegen 0.13/turn

%: no passive effects
@: glowing
A: no striking features
a: Renounce Religion, Draw Escape, Draw Destruction, Draw Summoning, Triple
Draw, Deal Four


You were on level 5 of the Dungeon.
You worshipped Nemelex Xobeh.
Nemelex Xobeh was greatly pleased with you.
You visited 1 branch of the dungeon, and saw 5 of its levels.

You collected 150 gold pieces.
You spent 39 gold pieces at shops.

Inventory:

Hand Weapons
 a - a +0 falchion (weapon)
Armour
 b - a +0 robe
 d - an orb of light (worn)
 h - a +0 cloak (worn)
 k - a +0 helmet (worn)
 n - a +0 chain mail (worn)
Scrolls
 e - a scroll of silence {unknown}
 j - a scroll of noise {unknown}
 l - 2 scrolls of revelation {unknown}
 q - 4 scrolls of identify {unknown}
 r - a scroll of teleportation {unknown}
 s - a scroll of amnesia {unknown}
 t - a scroll of blinking {unknown}
Potions
 c - 2 potions of ambrosia
 f - a potion of attraction {unknown}
 g - a potion of haste {unknown}
 i - a potion of resistance {unknown}
 m - 2 potions of curing
 o - a potion of heal wounds {unknown}
 p - a potion of might {unknown}


   Skills:
 - Level 3.8 Fighting
 + Level 6.5 Long Blades
 - Level 2.5 Dodging
 * Level 7.8 Invocations


You had 6 spell levels left.
You didn't know any spells.
Your spell library contained the following spells:

 Spells                   Type           Power      Damage    Failure   Level
 Slow                     Hex            0%         N/A       100%        1
 Confusing Touch          Hex            0%         N/A       100%        3
 Sigil of Binding         Hex            0%         N/A       100%        3
 Vampiric Draining        Necr           0%         2d6       100%        3


Dungeon Overview and Level Annotations

Branches:
Dungeon (5/15)             Temple (0/1) D:4

Altars:
Nemelex Xobeh

Shops:
D:2 =!(   D:4 (

Annotations:
D:2 1 runed translucent door, Crazy Yiuf


Message History

No target in view!
There is a stone staircase leading down here.
You climb downwards.
Found a stone staircase leading down.
There is a stone staircase leading up here.
An ogre comes into view. It is wielding a +0 giant club.
The ogre shouts!
You hear a shout!
The ogre hits you with a +0 giant spiked club!
A gnoll comes into view. It is wielding a +0 halberd.
The gnoll shouts!
You hit the ogre but do no damage. You hit the ogre.
The ogre is moderately wounded.
The ogre barely misses you.
You hit the ogre.
The ogre is moderately wounded.
The ogre hits you but does no damage.
You barely miss the ogre.
The ogre is moderately wounded.
You hit the ogre.
The ogre is moderately wounded.
A gnoll bouda comes into view. It is wielding a +0 club.
The ogre hits you with a +0 giant spiked club!!
You hit the ogre.
The ogre is heavily wounded.
The gnoll bouda barks out a call to the hunt!
The gnoll picks up the pace!
The gnoll hits you from afar with a +0 halberd.
* * * LOW HITPOINT WARNING * * *
The ogre attacks as it pursues you! The ogre barely misses you.
The ogre attacks as it pursues you! The ogre barely misses you.
The ogre attacks as it pursues you! The ogre closely misses you.
A gnoll comes into view. It is wielding a +0 whip.
There is a stone staircase leading up here.
The gnoll attacks as it pursues you! The gnoll hits you but does no damage.
An ogre comes into view. It is wielding a +0 giant club.
The ogre attacks as it pursues you!
The ogre hits you with a +0 giant club!!
You die...
Your body glows slightly brighter and disappears.

#. ... #. ... ..
#.....##.#####
#. ...........
#.##..........
#.............
#.#>..........
#.@Og.........
#.#...........
###.O....g....
##.....g...#
...........##
#............#
#.............
..............#
#..............#


You could see 2 ogres, a gnoll bouda and 2 gnolls.

Vanquished Creatures
  Sigmund (D:2)
  A kobold brigand (D:4)
  4 scorpions (D:4)
  A bombardier beetle (D:4)
  2 orc wizards (D:3)
  Terence (D:2)
  Robin (D:2)
  An adder (D:2)
  2 ribbon worms (D:2)
  2 dart slugs (D:2)
  2 orcs (D:3)
  5 ball pythons
  11 bats
  5 endoplasms
  A giant cockroach (D:2)
  12 goblins
  8 hobgoblins
  6 jackals
  11 kobolds
  3 quokkas
  4 frilled lizards
  5 rats
89 creatures vanquished.

Notes
Turn   | Place    | Note
-------+----------+-------------------------------------------
     0 | D:1      | case the Hill Orc Monk began the quest for the Orb.
     0 | D:1      | Reached XP level 1. HP: 19/19 MP: 1/1
   112 | D:1      | Reached XP level 2. HP: 24/27 MP: 2/2
   328 | D:1      | Found a faded altar of an unknown god.
   629 | D:1      | Prayed at the altar of an unknown god.
   629 | D:1      | Became a worshipper of Nemelex Xobeh the Trickster
   629 | D:1      | Reached * piety under Nemelex Xobeh
   629 | D:1      | Received a gift from Nemelex Xobeh
   629 | D:1      | Reached ** piety under Nemelex Xobeh
   629 | D:1      | Received a gift from Nemelex Xobeh
   706 | D:2      | Reached XP level 3. HP: 33/33 MP: 3/3
   811 | D:2      | Noticed Terence
   935 | D:2      | Noticed Robin
   948 | D:2      | Killed Robin
   949 | D:2      | Reached skill level 1 in Invocations
  1120 | D:2      | Found Ashroeq's Weapon Boutique.
  1124 | D:2      | Reached XP level 4. HP: 37/40 MP: 5/5
  1219 | D:2      | Reached skill level 2 in Invocations
  1290 | D:2      | Reached *** piety under Nemelex Xobeh
  1291 | D:2      | Noticed Sigmund
  1297 | D:2      | Killed Sigmund
  1298 | D:2      | Reached skill level 5 in Long Blades
  1298 | D:2      | Reached skill level 5 in Invocations
  1298 | D:2      | Reached XP level 5. HP: 46/46 MP: 5/8
  1298 | D:2      | Reached XP level 6. HP: 52/52 MP: 5/9
  1403 | D:2      | Found a runed translucent door.
  1404 | D:2      | Noticed Crazy Yiuf
  1453 | D:2      | Found Wuxe's Distillery.
  1457 | D:2      | Found Oxonkun's Jewellery Shoppe.
  1460 | D:2      | Bought a potion of curing for 39 gold pieces
  1542 | D:2      | Killed Terence
  1760 | D:3      | Received a gift from Nemelex Xobeh
  2570 | D:4      | Reached skill level 6 in Invocations
  2677 | D:4      | Received a gift from Nemelex Xobeh
  2812 | D:4      | Reached XP level 7. HP: 38/51 MP: 10/12
  2980 | D:4      | Reached skill level 7 in Invocations
  3238 | D:4      | Reached **** piety under Nemelex Xobeh
  3377 | D:4      | Found Fomud's Weapon Boutique.
  3416 | D:4      | Found a staircase to the Ecumenical Temple.
  3727 | D:5      | Entered Level 5 of the Dungeon
  3739 | D:5      | Slain by an ogre

Illustrated notes

Levels and vault maps discovered:
D:1:      lemuel_arrival_hallway, layout_rooms,
          hellmonk_ecumenical_altar_crossroads, minmay_cupped
D:2:      layout_loops_cross, serial_shops, shop,
          nicolae_shop_industrial_runoff, shop, kennysheep_generic_room_4,
          uniq_crazy_yiuf_cottage, uniq_robin, uniq_sigmund, uniq_terence
D:3:      layout_loops_corners
D:4:      layout_loops_corners, minmay_temple_entry_trees, serial_shops,
          nicolae_shop_stone
D:5:      layout_rooms, kennysheep_path_1

Skill      XL: |  1  2  3  4  5  6  7 |
---------------+----------------------+-----
Long Blades    | 4 5 6 |  6.5
Invocations    | 1 5 6 7 |  7.8
Fighting       | |  3.8
Dodging        | |  2.5

Action                     |  1- 3 |  4- 6 |  7- 9 || total
---------------------------+-------+-------+-------++-------
  Melee: Falchion          |   106 |   126 |    49 ||   281
 Invoke: Draw Destruction  |     1 |     2 |       ||     3
 Armour: Robe              |    82 |    24 |       ||   106
         Chain mail        |       |    68 |    38 ||   106
  Dodge: Dodged            |    81 |    60 |    16 ||   157
